[Event "*** Titled Tuesday Blitz"]
[Site "Chess.com"]
[Date "2020.11.24"]
[Round "6"]
[White "Bastiandash"]
[Black "Chess_Boxer123"]
[Result "1/2-1/2"]
[WhiteElo "2421"]
[BlackElo "2534"]
[TimeControl "180+1"]
[EndTime "11:26:30 PST"]
[Termination "Game drawn by repetition"]

1. d4 d5 2. Nf3 Nf6 3. c3 Bf5 4. Bg5 e6 5. e3 Nbd7 6. Bd3 Bg6 7. Qc2 c6 8. Nbd2 Bd6 9. e4 dxe4 10. Nxe4 Be7 11. h4 Bxe4 12. Bxe4 h6 13. Bxf6 Bxf6 14. Bd3 O-O 15. g4 Be7 16. g5 h5 17. g6 fxg6 18. Rh3 Rxf3 19. Rxf3 Nf8 20. Bxg6 Qd5 21. Be4 Qa5 22.
O-O-O Qxa2 23. Rg1 Qa1+ 24. Qb1 Qxb1+ 25. Kxb1 Bxh4 26.
Rh3 Bf6 27. Rxh5 Rd8 28. Rgh1 Kf7 29. Rh8 Ke7 30. Rg8 Nd7 31. Rxd8 Kxd8 32. Rh8+ Kc7 33. Kc2 a6 34. Kd3 e5 35. f3 exd4 36. cxd4 c5 37. Bf5 Bxd4 38. Bxd7 Kxd7 39. b3 Bf6 40. Ke4 Kc6 41.
Rb8 b5 42. Ra8 Kb6 43. Rb8+ Ka5 44. Kd3 Kb4 45. Kc2 a5 46. Ra8 Bc3 47. f4 Bd4 48. f5 Be5 49. Ra7 Bf6 50. Ra8 Bd4 51. Ra6 Ba1 52. Ra7 Be5 53. Ra8 Bf6 54. Ra7 c4 55. bxc4 bxc4 56. Rb7+ Kc5 57. Ra7 Kb5 58. Rb7+ Kc6 59.
Ra7 Kb6 60. Ra8 c3 61. Kb3 Kb5 62. Rb8+ Ka6 63. Rc8 Kb7 64. Rc5 Kb6 65. Rc8 Be5 66.
Ka4 Bc7 67. Kb3 Be5 68. Re8 Bf6 69. Re6+ Kb5 70. Re8 a4+ 71. Kc2 Kb4 72. Rb8+ Kc4 73. Rc8+ Kb4 74. Rb8+ Ka5 75. Ra8+ Kb5 76. Kd3 Kb4 77.
Kc2 Kb5 78. Rb8+ Kc6 79. Rb4 a3 80. Ra4 Kd5 81. Rxa3 Ke4 82. Ra5 Kf4 83. Kd3 Kg4 84. Ke4 Kg5 85. Rc5 Kg4 86. Rc8 Kg5 87. Rc4 Kg4 88.
Rc5 Kg3 89. Kd5 Kf2 90. Ke6 Ke2 91. Rc6 Kd3 92. Kf7 c2 93. Kg6 Kd2 94. Rd6+ Kc1 95.
Rc6 Kb1 96. Rb6+ Bb2 97. Rxb2+ Kxb2 98. Kxg7 c1=Q 99. f6 Qg5+ 100. Kf7 Kc3 101. Ke6 Qg6 102. Ke7 Qe4+ 103. Kd6 Kd4 104. f7 Qe3 105. Kd7 Qa3 106. Ke8 Qa8+ 107. Ke7 Qb7+ 108. Kf6 Qc6+ 109. Kg7 Qd7 110. Kg8 Qe6 111. Kg7 Qg4+ 112. Kh8 Qh5+ 113. Kg7 Qg5+ 114. Kh8 Qh6+ 115. Kg8 Qg6+ 116. Kh8 Qf6+ 117. Kg8 Qe6 118. Kg7 Qe7 119. Kg8 Qg5+ 120. Kh8 Qd8+ 121. Kg7 Qe7 122. Kg8 Qe6 1/2-1/2

[Event "*** Titled Tuesday Blitz"]
[Site "Chess.com"]
[Date "2020.11.24"]
[Round "6"]
[White "aa175"]
[Black "UCantHandleDenker"]
[Result "1/2-1/2"]
[WhiteElo "2289"]
[BlackElo "2523"]
[TimeControl "180+1"]
[EndTime "11:26:51 PST"]
[Termination "Game drawn by stalemate"]

1. d4 Nf6 2. Nf3 g6 3. Bf4 Bg7 4.
e3 O-O 5. Be2 d6 6. O-O c5 7.
Nbd2 Nc6 8. c3 Nh5 9. Bg5 h6 10.
Bh4 g5 11. Ne1 Nf4 12. exf4 gxh4 13. d5 Nb8 14. h3 e5 15. dxe6 fxe6 16. Ne4 d5 17.
Nxc5 Rxf4 18. Ned3 Rf6 19. Bg4 b6 20. Nb3 Nc6 21.
Nd4 Nxd4 22. cxd4 Ba6 23. Re1 Qd6 24. Ne5 Raf8 25. Qa4 Bc8 26. Qc6 Qb4 27. Nd7 Bxd7 28.
Qxd7 Rxf2 29. Bxe6+ Kh8 30. Qxd5 Qxd4 31. Kh1 Qxd5 32.
Bxd5 Bxb2 33. Rad1 Bc3 34. Re6 Rf1+ 35. Rxf1 Rxf1+ 36. Kh2 Kg7 37. Be4 Bd2 38. Rg6+ Kf7 39. g3 Rf2+ 40. Kg1 Be3 41. Kh1 hxg3 42. Rxg3 Bf4 43. Bd5+ Kf6 44. Rf3 Rxf3 45. Bxf3 Ke5 46. Bh5 Kd4 47.
Kg2 Ke3 48. Bf7 a5 49. a4 Kd4 50. Be8 Bc1 51. Bb5 Kc5 52. Kf3 Kb4 53. Kg4 Kc5 54. Kf5 Kd4 55. Ke6 Ke3 56. Kd5 Kf4 57. Kc6 Be3 58. Kb7 h5 59. Bd7 h4 60. Ka6 Bc5 61. Kb5 Kg3 62. Be6 Kf3 63. Bg4+ Ke3 64. Kc4 Kd2 65. Kb5 Kc3 66. Bf5 Kb3 67. Bc8 Kc3 68.
Bd7 Kd4 69. Bf5 Ke5 70. Bd7 Kd6 71. Bc6 Ke5 72. Bb7 Kf4 73. Kc4 Kg3 74. Bc8 Kf2 75.
Kd3 Kg3 76. Bd7 Kf4 77. Kc4 Ke5 78. Bg4 Kf4 79. Kd3 Ke5 80. Bc8 Kd6 81. Bb7 Kc7 82.
Bf3 Kc8 83. Ke4 Kc7 84. Kd5 Kb7 85. Ke6+ Ka6 86. Bc6 Ka7 87. Kd7 Bf2 88. Be4 Kb8 89.
Kc6 Kc8 90. Bg6 Kd8 91. Kd6 Bg3+ 92. Ke6 Kc7 93. Kf5 Kc6 94. Bf7 Kc5 95. Kg4 b5 96.
axb5 Kxb5 97. Kf3 Kb4 98. Ke4 Kc3 99. Ke3 a4 100. Ke2 a3 101. Kf3 Kd4 102. Kg2 Ke3 103. Bg8 Kf4 104. Ba2 Be1 105. Kf1 Bc3 106. Kf2 Be5 107. Kg2 Ke4 108. Bb3 Kd4 109. Bg8 Bg3 110. Kf3 Kc3 111. Kg4 Kb2 112. Bf7 Kb1 113. Kf3 a2 114. Bxa2+ Kxa2 115. Ke2 Kb2 116. Kd3 Kc1 117. Ke2 Kc2 118. Ke3 Kd1 119. Kf3 Ke1 120. Kg2 Ke2 121. Kg1 Kf3 122. Kh1 Bf4 123. Kg1 Kg3 124. Kh1 Kxh3 125. Kg1 Kg3 126. Kh1 Kg4 127. Kg2 Be3 128. Kh2 Kf3 129. Kh1 Ke2 130. Kg2 Bf2 131. Kh2 Kf1 132. Kh1 Be1 133. Kh2 Bg3+ 134. Kh1 Bf2 135. Kh2 Ke2 136. Kg2 Ke3 137. Kh1 Kf4 138. Kg2 Bg3 139. Kh1 Kg4 140. Kg2 h3+ 141. Kg1 Kf3 142. Kh1 Bf4 143. Kg1 Be3+ 144. Kh2 Kg4 145. Kh1 Bf4 146. Kg1 Kg3 147. Kh1 Kf3 148. Kg1 Kg4 149. Kh1 h2 150. Kg2 Be5 151. Kh1 Kh3 1/2-1/2

[Event "*** Titled Tuesday Blitz"]
[Site "Chess.com"]
[Date "2020.11.24"]
[Round "6"]
[White "BlackGod93"]
[Black "Euwe1234"]
[Result "0-1"]
[WhiteElo "2218"]
[BlackElo "2487"]
[TimeControl "180+1"]
[EndTime "11:27:19 PST"]
[Termination "Euwe1234 won by checkmate"]

1. d4 d5 2. Nf3 Nf6 3. c4 e6 4. g3 c6 5. Qc2 Nbd7 6. Bg2 Be7 7.
O-O O-O 8. Rd1 b5 9. cxd5 cxd5 10. Ne5 Bb7 11. a4 Rc8 12. Qb3 b4 13. Bf4 Ba6 14. Bf3 Nb6 15. Nd2 Nc4 16. Rac1 Na5 17. Qa2 Nd7 18. e4 Nxe5 19. dxe5 d4 20. Nb3 Bc4 21.
Rxc4 Rxc4 22. Nxa5 Rc2 23. Nc4 d3 24. Qb3 Qd4 25. Qxc2 dxc2 26. Rxd4 h6 27. Bc1 Bg5 28. Ne3 Rc8 29. Rxb4 Rd8 30. Nxc2 Bxc1 31. Rb7 Rd2 32.
Ne3 a5 33. Nc4 Rc2 34. Nxa5 Bxb2 35. Nc4 Bd4 36. Ne3 Ra2 37. Rb8+ Kh7 38. Rb4 Bxe5 39.
Kg2 Bc3 40. Rc4 Be1 41. Nc2 Bd2 42. e5 Ba5 43. Be4+ g6 44. h4 Kg7 45. h5 gxh5 46.
Bc6 Bc7 47. f4 Bb6 48. Kf3 Bd8 49. Be4 h4 50. gxh4 Bxh4 51. Rc3 Rb2 52. a5 Be7 53. a6 Ra2 54. Bb7 h5 55. Rc7 Bd8 56. Rc8 Bb6 57.
Kg3 Kg6 58. Be4+ f5 59. exf6+ Kxf6 60. Kh4 Ra5 61. Bd3 Bf2+ 62. Kh3 h4 63. Rc7 Ra2 64.
Rd7 e5 65. Nb4 Rb2 66. Rb7 Ke6 67. Bc4+ Kf5 68. fxe5 Rd2 69. Nd3 Bd4 70. Rf7+ Kg6 71.
Rf6+ Kg7 72. Kxh4 Rc2 73. Rf7+ Kg6 74. a7 Bxa7 75. Rxa7 Rxc4+ 76. Kg3 Kf5 77. Rf7+ Ke6 78. Rf6+ Kd5 79. Rd6+ Ke4 80. e6 Rc8 81. e7 Re8 82. Nc5+ Ke5 83. Rd7 Kf6 84. Ne4+ Ke6 85. Nc5+ Kf6 86.
Kf4 Rxe7 87. Rd6+ Kf7 88. Ne4 Rc7 89. Kf5 Ke7 90. Re6+ Kd7 91. Nf6+ Kc8 92. Re8+ Kb7 93. Ke6 Rc6+ 94. Ke5 Rc1 95. Nd5 Re1+ 96. Kd6 Rxe8 97. Kc5 Rd8 98. Nb4 Rc8+ 99. Kb5 Rc1 100. Nd3 Rb1+ 101. Kc4 Ka6 102. Nc5+ Kb6 103. Nb3 Rh1 104. Nd4 Rh5 105.
Nb3 Rh4+ 106. Nd4 Kc7 107. Kd5 Kd7 108. Nb3 Rh5+ 109. Kc4 Kd6 110. Nd4 Rc5+ 111. Kd3 Rc8 112. Ke4 Re8+ 113. Kd3 Kd5 114. Nf5 Rd8 115. Ne3+ Ke5+ 116. Kc3 Ke4 117. Nc4 Rc8 118. Kb4 Kd4 119. Nd6 Rb8+ 120. Nb5+ Kd5 121. Ka4 Kc5 122. Nc3 Kc4 123. Ka5 Kxc3 124. Ka6 Re8 125. Kb7 Re4 126. Kc7 Kd4 127. Kd6 Re5 128. Kc6 Ke4 129. Kd6 Rd5+ 130. Kc6 Ke5 131. Kb6 Kd6 132. Kb7 Rc5 133. Kb6 Kd5 134. Kb7 Rc6 135. Ka7 Kc5 136. Kb7 Kb5 137. Ka7 Rc7+ 138. Ka8 Kb6 139. Kb8 Rc6 140. Ka8 Rc8# 0-1

[Event "*** Titled Tuesday Blitz"]
[Site "Chess.com"]
[Date "2020.11.24"]
[Round "7"]
[White "TST2014"]
[Black "barriochess"]
[Result "1-0"]
[WhiteElo "2509"]
[BlackElo "2366"]
[TimeControl "180+1"]
[EndTime "11:28:52 PST"]
[Termination "TST2014 won by resignation"]

1. d4 d5 2. c4 e6 3. Nf3 c5 4. cxd5 exd5 5. g3 Nc6 6. Bg2 Nf6 7. O-O Be7 8. Be3 c4 9. b3 cxb3 10. Qxb3 O-O 11. Nc3 Na5 12. Qb1 Bf5 13. Qxf5 1-0

[Event "*** Titled Tuesday Blitz"]
[Site "Chess.com"]
[Date "2020.11.24"]
[Round "7"]
[White "TurboSteen"]
[Black "beto-betun"]
[Result "0-1"]
[WhiteElo "1973"]
[BlackElo "2198"]
[TimeControl "180+1"]
[EndTime "11:29:10 PST"]
[Termination "beto-betun won by resignation"]

1. e4 c5 2. Nc3 Nc6 3. Bb5 e6 4. f4 Nge7 5. Nf3 a6 6. Bxc6 Nxc6 7. O-O Be7 8. d4 cxd4 9. Nxd4 Qb6 10. Be3 Qxb2 11.
Na4 Qa3 12. c4 Qxe3+ 0-1

[Event "*** Titled Tuesday Blitz"]
[Site "Chess.com"]
[Date "2020.11.24"]
[Round "7"]
[White "Tsyhanchuk_Stanislav"]
[Black "frequentblunders"]
[Result "1-0"]
[WhiteElo "2230"]
[BlackElo "2023"]
[TimeControl "180+1"]
[EndTime "11:29:18 PST"]
[Termination "Tsyhanchuk_Stanislav won by resignation"]

1. e4 e6 2. d4 c5 3. Nf3 Nf6 4. Nc3 cxd4 5. Nxd4 Bb4 6. Bd3 Nc6 7.
Ne2 d5 8. exd5 exd5 9. Bd2 O-O 10. O-O Re8 11. a3 Bf8 12. Nf4 Bg4 13. f3 Bf5 14.
Bxf5 1-0

[Event "*** Titled Tuesday Blitz"]
[Site "Chess.com"]
[Date "2020.11.24"]
[Round "7"]
[White "sunofadawn"]
[Black "AbdAlAgathos"]
[Result "0-1"]
[WhiteElo "2478"]
[BlackElo "2385"]
[TimeControl "180+1"]
[EndTime "11:29:28 PST"]
[Termination "AbdAlAgathos won by resignation"]

1. e4 e6 2. d4 d5 3. Nc3 Bb4 4. e5 c5 5. a3 Bxc3+ 6. bxc3 Ne7 7. h4 h6 8. Qg4 Kf8 9. Nf3 b6 10. Rh3 Ba6 11. Rg3 Nf5 12. Rh3 Qd7 13. h5 Qa4 14.
Ra2 Bxf1 15. Kxf1 Qc4+ 0-1

[Event "*** Titled Tuesday Blitz"]
[Site "Chess.com"]
[Date "2020.11.24"]
[Round "7"]
[White "Chessbard1972"]
[Black "picturesquecheck"]
[Result "1-0"]
[WhiteElo "2321"]
[BlackElo "2105"]
[TimeControl "180+1"]
[EndTime "11:29:44 PST"]
[Termination "Chessbard1972 won by resignation"]

1. e4 c5 2. d4 cxd4 3. c3 dxc3 4. Nxc3 Nc6 5. Nf3 e6 6. Bf4 a6 7. a4 d6 8. Bc4 Nf6 9. h3 Be7 10. O-O O-O 11. Qe2 Re8 12. Rfd1 Qc7 13. Rac1 Qb8 14. e5 dxe5 15. Nxe5 Bd6 16. Nxc6 1-0

[Event "*** Titled Tuesday Blitz"]
[Site "Chess.com"]
[Date "2020.11.24"]
[Round "7"]
[White "annacramling"]
[Black "dosto07"]
[Result "0-1"]
[WhiteElo "2072"]
[BlackElo "2320"]
[TimeControl "180+1"]
[EndTime "11:30:03 PST"]
[Termination "dosto07 won by checkmate"]

1. d4 d5 2. c4 dxc4 3. Nf3 Nf6 4.
e3 e6 5. Bxc4 c5 6. O-O a6 7. Qe2 Nc6 8. Rd1 Qc7 9. a3 b5 10.
Bd3 Bb7 11. Nc3 Be7 12. dxc5 Bxc5 13. e4 Ng4 14. Rf1 Nd4 15. Nxd4 Qxh2# 0-1

[Event "*** Titled Tuesday Blitz"]
[Site "Chess.com"]
[Date "2020.11.24"]
[Round "7"]
[White "champ2005"]
[Black "tdf98pantani"]
[Result "1-0"]
[WhiteElo "3008"]
[BlackElo "2718"]
[TimeControl "180+1"]
[EndTime "11:30:06 PST"]
[Termination "champ2005 won by resignation"]

1. c4 e5 2. Nc3 Nc6 3. g3 Bc5 4. Bg2 h5 5. Nf3 d6 6. e3 a6 7. d4 Ba7 8. dxe5 Nxe5 9. Nxe5 dxe5 10. Qxd8+ Kxd8 11. b3 Bc5 12. Bb2 c6 13. O-O-O+ Kc7 14. Ne4 Kb6 15. Nxc5 Kxc5 16. Bxe5 f6 17. Bd4+ Kb4 18.
Bb6 Bf5 19. Kb2 1-0

[Event "*** Titled Tuesday Blitz"]
[Site "Chess.com"]
[Date "2020.11.24"]
[Round "7"]
[White "Tenamu"]
[Black "MIJuanReyesRosa"]
[Result "1-0"]
[WhiteElo "2314"]
[BlackElo "2076"]
[TimeControl "180+1"]
[EndTime "11:30:25 PST"]
[Termination "Tenamu won by checkmate"]

1. d4 d5 2. Nc3 Nf6 3. Bf4 c5 4. e3 Nc6 5. Nb5 e5 6. dxe5 Qa5+ 7. c3 Nd7 8. e6 Nde5 9. exf7+ Kxf7 10. Bxe5 Nxe5 11.
Qxd5+ Kf6 12. f4 Nc6 13. Bc4 Nd8 14. Qg5# 1-0

[Event "*** Titled Tuesday Blitz"]
[Site "Chess.com"]
[Date "2020.11.24"]
[Round "7"]
[White "AIROPITO7"]
[Black "BlackGod93"]
[Result "0-1"]
[WhiteElo "2548"]
[BlackElo "2253"]
[TimeControl "180+1"]
[EndTime "11:30:26 PST"]
[Termination "BlackGod93 won by resignation"]

1. e4 e5 2. Nf3 Nc6 3. Nc3 Nf6 4. h3 Bc5 5. Nxe5 Bxf2+ 6. Kxf2 Nxe5 7. d4 Ng6 8. e5 Ng8 9. Bc4 d6 10. Qf3 Be6 11.
Bxe6 fxe6 12. Qxb7 N8e7 13. exd6 O-O+ 14. Kg1 Qxd6 15.
Be3 Nf5 16. Qe4 Rab8 17. b3 Qg3 18. Nd1 Qe1+ 19. Kh2 Qxh1+ 20. Kxh1 Ng3+ 21. Kh2 Nxe4 0-1

[Event "*** Titled Tuesday Blitz"]
[Site "Chess.com"]
[Date "2020.11.24"]
[Round "7"]
[White "Shield12"]
[Black "Zkid"]
[Result "1-0"]
[WhiteElo "2919"]
[BlackElo "2794"]
[TimeControl "180+1"]
[EndTime "11:30:31 PST"]
[Termination "Shield12 won by resignation"]

1. e4 e6 2. d4 d5 3. Nd2 c5 4.
Ngf3 cxd4 5. exd5 Nc6 6. dxc6 bxc6 7. Nb3 c5 8. c3 dxc3 9. Bb5+ Bd7 10. Bxd7+ Qxd7 11. Qxd7+ Kxd7 12. Ne5+ Ke8 13. bxc3 f6 14. Nc4 Ne7 15.
Nxc5 Nd5 16. Nxe6 Rc8 17. Ne3 Nxc3 18. Nxf8 Rxf8 19. Bd2 Ne4 20. f3 Nc5 21. Ke2 Kf7 22. Rhc1 Rfe8 23. Rab1 Kg6 24. Rb5 Ne6 25. Rxc8 Rxc8 26.
Ra5 Rc7 27. Nd5 Rc4 28. Rxa7 1-0

[Event "*** Titled Tuesday Blitz"]
[Site "Chess.com"]
[Date "2020.11.24"]
[Round "7"]
[White "Soltan49"]
[Black "PattyCastillo"]
[Result "1-0"]
[WhiteElo "2236"]
[BlackElo "2039"]
[TimeControl "180+1"]
[EndTime "11:30:46 PST"]
[Termination "Soltan49 won by resignation"]

1. d4 d5 2. c4 c6 3. Nc3 Nf6 4. Nf3 e6 5. Bf4 Bd6 6. e3 O-O 7. Bg3 Qe7 8. c5 Bxg3 9. hxg3 b6 10. b4 a5 11. a3 axb4 12. axb4 Rxa1 13. Qxa1 Nbd7 14. Be2 bxc5 15. dxc5 e5 16. O-O e4 17. Nd4 Bb7 18. Qa7 Ne5 19. Nf5 Qd7 20. Nd6 Bc8 21. Ra1 Qxa7 22. Rxa7 Bg4 23. Bxg4 Nfxg4 24. b5 cxb5 25.
Nxd5 Nd3 26. c6 Nge5 27. c7 1-0

[Event "*** Titled Tuesday Blitz"]
[Site "Chess.com"]
[Date "2020.11.24"]
[Round "7"]
[White "RobertoJBM"]
[Black "szachuspl"]
[Result "1-0"]
[WhiteElo "2688"]
[BlackElo "2499"]
[TimeControl "180+1"]
[EndTime "11:30:50 PST"]
[Termination "RobertoJBM won by resignation"]

1. d4 Nf6 2. e3 g6 3. Nf3 Bg7 4.
Be2 O-O 5. O-O d6 6. c4 c5 7. Nc3 Nc6 8. d5 Na5 9. e4 Bg4 10. Nd2 Bxe2 11. Qxe2 Nd7 12. Nd1 a6 13. Rb1 Rb8 14.
b3 b5 15. Bb2 e6 16. Bxg7 Kxg7 17. dxe6 fxe6 18. Ne3 Nc6 19. f4 Nd4 20. Qd3 bxc4 21.
Ndxc4 Nb6 22. Rbd1 Nxc4 23. Nxc4 d5 24. Ne5 Qc7 25.
Kh1 a5 26. Rc1 g5 27. Qxd4 1-0

[Event "*** Titled Tuesday Blitz"]
[Site "Chess.com"]
[Date "2020.11.24"]
[Round "7"]
[White "NotFischer"]
[Black "CookiesAndIceCream"]
[Result "0-1"]
[WhiteElo "2136"]
[BlackElo "2425"]
[TimeControl "180+1"]
[EndTime "11:31:03 PST"]
[Termination "CookiesAndIceCream won by resignation"]

1. d4 d5 2. Bf4 Nf6 3. e3 e6 4. Nd2 c5 5. c3 Bd6 6. Bg3 Qc7 7.
Bd3 Nbd7 8. Ngf3 O-O 9. Qe2 h6 10. e4 dxe4 11. Nxe4 Nxe4 12. Qxe4 Nf6 13. Qe2 cxd4 14.
Nxd4 Bxg3 15. hxg3 e5 16. Nb5 Qc5 17. O-O e4 18. Bc2 Bg4 0-1

[Event "*** Titled Tuesday Blitz"]
[Site "Chess.com"]
[Date "2020.11.24"]
[Round "7"]
[White "CheckThis4"]
[Black "Rud_Makarian"]
[Result "1/2-1/2"]
[WhiteElo "2562"]
[BlackElo "2732"]
[TimeControl "180+1"]
[EndTime "11:31:20 PST"]
[Termination "Game drawn by repetition"]

1. d4 Nf6 2. Bg5 Ne4 3. Bf4 d6 4. Nd2 Nxd2 5. Qxd2 Nd7 6. Nf3 g6 7. e4 Bg7 8. Bc4 O-O 9. Bh6 c5 10. h4 cxd4 11. Bxg7 Kxg7 12. h5 Ne5 13. hxg6 hxg6 14. Qh6+ Kf6 15. Qg5+ Kg7 16. Nxe5 dxe5 17. Qh6+ Kf6 18.
Qh4+ Kg7 19. Qh6+ Kf6 20. Qh4+ Kg7 21. Qh6+ 1/2-1/2

[Event "*** Titled Tuesday Blitz"]
[Site "Chess.com"]
[Date "2020.11.24"]
[Round "7"]
[White "DenLaz"]
[Black "Bathory44"]
[Result "1-0"]
[WhiteElo "2762"]
[BlackElo "2562"]
[TimeControl "180+1"]
[EndTime "11:31:23 PST"]
[Termination "DenLaz won by resignation"]

1. d4 d5 2. c4 e6 3. Nf3 c5 4. cxd5 exd5 5. g3 Nc6 6. Bg2 Nf6 7. O-O Be7 8. Nc3 O-O 9. dxc5 Bxc5 10. Bg5 d4 11.
Ne4 Be7 12. Bxf6 Bxf6 13. b4 a6 14. a4 Nxb4 15. Nxf6+ Qxf6 16. Qxd4 Qxd4 17. Nxd4 Rd8 18. Rfd1 Rb8 19. Nc2 Rxd1+ 20. Rxd1 Nc6 21. Bxc6 Bf5 22. Ne3 1-0

[Event "*** Titled Tuesday Blitz"]
[Site "Chess.com"]
[Date "2020.11.24"]
[Round "7"]
[White "salomez"]
[Black "reniite"]
[Result "0-1"]
[WhiteElo "2143"]
[BlackElo "1962"]
[TimeControl "180+1"]
[EndTime "11:31:35 PST"]
[Termination "reniite won by resignation"]

1. e4 e5 2. Nf3 Nc6 3. Bc4 Nf6 4. d4 Nxe4 5. O-O d5 6. Bb5 exd4 7. Nxd4 Bd7 8. Re1 Be7 9. Bxc6 bxc6 10. f3 Nf6 11.
Bg5 O-O 12. Nc3 h6 13. Bh4 Rb8 14. Nb3 Bf5 15. Na4 Rb4 16. Bxf6 Bxf6 17. Nac5 Bxb2 18. Rb1 Bc3 19. Re3 d4 20. Re5 Qf6 21. Qe2 d3 0-1

[Event "*** Titled Tuesday Blitz"]
[Site "Chess.com"]
[Date "2020.11.24"]
[Round "7"]
[White "mjray79"]
[Black "jacky72"]
[Result "0-1"]
[WhiteElo "2437"]
[BlackElo "2691"]
[TimeControl "180+1"]
[EndTime "11:31:47 PST"]
[Termination "jacky72 won by checkmate"]

1. d4 Nf6 2. c4 g6 3. Nc3 Bg7 4. e4 O-O 5. Nge2 d6 6. Ng3 c5 7. d5 h5 8. Be2 h4 9. Nf1 h3 10. g4 a6 11. f3 b5 12. cxb5 axb5 13. Bxb5 Ba6 14. Bxa6 Nxa6 15. Ng3 e6 16. O-O exd5 17.
Nxd5 Nxd5 18. Qxd5 Nb4 19. Qc4 Qf6 20. Qe2 Rxa2 21.
Rxa2 Nxa2 22. b3 Nxc1 23. Rxc1 Rb8 24. Rb1 Qc3 25. Qd1 Bd4+ 26. Kh1 Ra8 27. Qf1 Ra2 28. Ne2 Qc2 29. Re1 Bc3 30. Rc1 Qxe2 31. Qxe2 Rxe2 32. Rxc3 Re1# 0-1

[Event "*** Titled Tuesday Blitz"]
[Site "Chess.com"]
[Date "2020.11.24"]
[Round "7"]
[White "Semen_Khanin"]
[Black "ChessicallyInclined"]
[Result "1-0"]
[WhiteElo "2782"]
[BlackElo "2550"]
[TimeControl "180+1"]
[EndTime "11:31:50 PST"]
[Termination "Semen_Khanin won by checkmate"]

1. e4 d6 2. d4 Nf6 3. Nc3 g6 4. Nf3 Bg7 5. Be3 O-O 6. Qd2 c6 7. Bh6 b5 8. Bd3 Bg4 9. h4 Nbd7 10. h5 Nxh5 11. Nh2 Be6 12. g4 Nhf6 13. f3 b4 14. Ne2 Nb6 15. Nf1 c5 16. Nfg3 c4 17. Bxg7 Kxg7 18. Qh6+ Kg8 19. g5 Nbd7 20. gxf6 Nxf6 21.
e5 cxd3 22. exf6 d2+ 23. Kxd2 exf6 24. Qxh7# 1-0

[Event "*** Titled Tuesday Blitz"]
[Site "Chess.com"]
[Date "2020.11.24"]
[Round "7"]
[White "elohunter1999"]
[Black "ljuks68"]
[Result "1-0"]
[WhiteElo "2574"]
[BlackElo "2396"]
[TimeControl "180+1"]
[EndTime "11:31:50 PST"]
[Termination "elohunter1999 won by resignation"]

1. e4 e6 2. d4 d5 3. Nc3 Bb4 4. e5 Ne7 5. a3 Bxc3+ 6. bxc3 c5 7. Qg4 Qc7 8. Qxg7 Rg8 9. Qxh7 cxd4 10. Ne2 Nbc6 11.
f4 Bd7 12. h4 dxc3 13. h5 O-O-O 14. Qd3 d4 15. h6 Rg6 16. h7 Rh8 17. Nxd4 Nxd4 18.
Qxd4 Kb8 19. Bd3 Rxg2 20. Be3 b6 21. O-O-O Bc6 22. Rh3 Nf5 23. Bxf5 exf5 24. e6 f6 25. Qxf6 Rg7 26. e7 Qxe7 27. Qxc6 Rhxh7 28. Bd4 1-0

[Event "*** Titled Tuesday Blitz"]
[Site "Chess.com"]
[Date "2020.11.24"]
[Round "7"]
[White "OscarAng"]
[Black "Artyom_ChessMate"]
[Result "0-1"]
[WhiteElo "2367"]
[BlackElo "2511"]
[TimeControl "180+1"]
[EndTime "11:31:50 PST"]
[Termination "Artyom_ChessMate won by resignation"]

1. d4 d5 2. Bg5 h6 3. Bh4 c6 4. c3 Nd7 5. Nd2 Ngf6 6. f3 g5 7. Bg3 Bg7 8. h4 Qb6 9. Qb3 Nf8 10. hxg5 hxg5 11. Rxh8 Bxh8 12. Nh3 g4 13. Nf2 gxf3 14. gxf3 Bg7 15. e4 Bh6 16. Bd3 Nh5 17. Be5 Ng6 18. Qxb6 axb6 19. Bc7 dxe4 20. Ndxe4 b5 21. a3 Nhf4 22.
Bc2 Ng2+ 23. Kd1 Ne3+ 24. Kc1 Nd5+ 25. Kb1 Nxc7 26. Ng4 Bxg4 27. fxg4 Nd5 28. Ka2 O-O-O 29.
Rf1 Ne3 0-1

[Event "*** Titled Tuesday Blitz"]
[Site "Chess.com"]
[Date "2020.11.24"]
[Round "7"]
[White "Vuk2000"]
[Black "zverr1"]
[Result "1-0"]
[WhiteElo "2733"]
[BlackElo "2514"]
[TimeControl "180+1"]
[EndTime "11:32:02 PST"]
[Termination "Vuk2000 won by resignation"]

1. d4 Nf6 2. Bg5 d5 3. Bxf6 gxf6 4. e3 c5 5. dxc5 e6 6. Nf3 Bxc5 7. Nbd2 Nc6 8. c4 d4 9. exd4 Nxd4 10. Be2 Nxe2 11. Qxe2 b6 12. O-O Bb7 13. Ne4 O-O 14. Rad1 Qe7 15.
Rd7 Bxe4 16. Rxe7 Bxf3 17. Qxf3 Bxe7 18. h4 f5 19. Qg3+ Kh8 20. Qe5+ Kg8 21. h5 h6 22.
g3 Rfd8 23. a3 Rd7 24. b4 Rad8 25. Rc1 Bg5 26. Rc2 Rd1+ 27. Kg2 Ra1 28. Qxa1 1-0

[Event "*** Titled Tuesday Blitz"]
[Site "Chess.com"]
[Date "2020.11.24"]
[Round "7"]
[White "Lion-Al-Messi"]
[Black "Xeniya2005"]
[Result "1-0"]
[WhiteElo "2561"]
[BlackElo "2436"]
[TimeControl "180+1"]
[EndTime "11:32:03 PST"]
[Termination "Lion-Al-Messi won by resignation"]

1. e4 e6 2. Nf3 d5 3. exd5 exd5 4.
d4 Nf6 5. Nc3 Bf5 6. Bd3 Bxd3 7.
Qxd3 Nbd7 8. Bf4 c6 9. O-O-O Be7 10. g4 O-O 11. Rdg1 Re8 12. h4 Ne4 13. Nxe4 dxe4 14.
Qxe4 Bd6 15. Qf5 g6 16. Qg5 f6 17. Qh6 Bf8 18. h5 Bxh6 19. Bxh6 g5 20. d5 Ne5 21.
Nd4 Nf7 22. Nf5 Re5 23. f4 Rxf5 24. gxf5 Nxh6 25. fxg5 fxg5 26. d6 Nf7 27. h6 Qxd6 28. Rg4 Rd8 29. a3 Qd5 30. Rhg1 Qxf5 31. R4g2 Rd7 32. Re2 Rd8 33. Rge1 g4 34. Re8+ 1-0

[Event "*** Titled Tuesday Blitz"]
[Site "Chess.com"]
[Date "2020.11.24"]
[Round "7"]
[White "pavelalexandru07"]
[Black "Quiet_Desperation"]
[Result "0-1"]
[WhiteElo "2288"]
[BlackElo "1698"]
[TimeControl "180+1"]
[EndTime "11:32:16 PST"]
[Termination "Quiet_Desperation won by resignation"]

1. Nf3 d5 2. g3 c6 3. Bg2 Bg4 4. O-O Nd7 5. d4 Bxf3 6. Bxf3 Ngf6 7. Bg2 e6 8. f3 Qb6 9. Kh1 h5 10. b3 h4 11. Be3 h3 12. Nd2 hxg2+ 13. Kxg2 Bd6 14.
c4 Qc7 15. c5 Be7 16. Bf2 e5 17. e3 Nf8 18. f4 e4 19. Bg1 g6 20. h3 Qd7 21. g4 Ne6 22. b4 Nh7 23. a4 Ng7 24. Rb1 f5 25. g5 Bxg5 26. fxg5 Nxg5 27.
Bh2 f4 28. Qg4 f3+ 29. Kg1 Nxh3+ 0-1

[Event "*** Titled Tuesday Blitz"]
[Site "Chess.com"]
[Date "2020.11.24"]
[Round "7"]
[White "HackingKid98"]
[Black "BillCoe"]
[Result "1-0"]
[WhiteElo "2329"]
[BlackElo "2076"]
[TimeControl "180+1"]
[EndTime "11:32:16 PST"]
[Termination "HackingKid98 won by resignation"]

1. d4 e6 2. Nf3 f5 3. g3 Nf6 4. Bg2 Be7 5. O-O O-O 6. Re1 d6 7. Nbd2 Ne4 8. Nxe4 fxe4 9. Nd2 d5 10. f3 Nc6 11. c3 e5 12. fxe4 exd4 13. exd5 dxc3 14. dxc6 cxd2 15. Qxd2 bxc6 16. Qxd8 Rxd8 17. Bf4 Bd6 18. Bxc6 Rb8 19. b3 Bxf4 20. gxf4 Rb6 21. Bf3 Bh3 22. Red1 Re8 23. Kf2 Rf6 24. Rac1 Rxf4 25. Kg3 g5 26. Kxh3 1-0

[Event "*** Titled Tuesday Blitz"]
[Site "Chess.com"]
[Date "2020.11.24"]
[Round "7"]
[White "Pelopidass"]
[Black "ArjunErigaisi2003"]
[Result "0-1"]
[WhiteElo "2586"]
[BlackElo "2923"]
[TimeControl "180+1"]
[EndTime "11:32:21 PST"]
[Termination "ArjunErigaisi2003 won by resignation"]

1. e4 e5 2. Nf3 Nc6 3. Bb5 Nf6 4. d3 Bc5 5. O-O Nd4 6. Nxd4 Bxd4 7. c3 Bb6 8. Qf3 c6 9. Ba4 d6 10. Bb3 Be6 11.
Bg5 h6 12. Bxf6 Qxf6 13. Qxf6 gxf6 14. Bxe6 fxe6 15. Nd2 h5 16. Nc4 Bc7 17. Rae1 Ke7 18. f4 exf4 19. d4 e5 20. Rf3 Rag8 21. Kf1 Rg4 22.
Re2 b5 23. Nd2 a5 24. h3 Rg6 25. Rd3 Bb6 26. Nf3 Rg3 27. dxe5 fxe5 28. Red2 Be3 29. Rd1 Bc5 30. Nh4 Rxd3 31. Rxd3 Rg8 32. a3 a4 33. Ke2 Ke6 34. Rd1 d5 35. exd5+ cxd5 36. Kf1 e4 0-1